 Dungeon Crawl Stone Soup version 0.31-a0-185-g9dded2c639 (webtiles) character file.

Game seed: 13948758234733079935

221 qw the Skirmisher (level 5, -1/29 HPs)
             Began as a Deep Elf Hunter on June 22, 2023.
             Slain by a goblin
             ... wielding a +0 dagger
             ... led by Robin
              (2 damage)
             ... on level 4 of the Dungeon.
             The game lasted 00:00:45 (2479 turns).

qw the Skirmisher (Deep Elf Hunter)                 Turns: 2479, Time: 00:00:46

Health: -1/29      AC:  2    Str:  9    XL:     5   Next: 65%
Magic:  7/7        EV: 13    Int: 13    God:
Gold:   175        SH:  0    Dex: 22    Spells: 4/4 levels left

rFire   . . .        Y - +1 shortbow
rCold   . . .        (shield currently unavailable)
rNeg    . . .        c - +0 leather armour
rPois   .            a - +0 helmet
rElec   .            (no cloak)
rCorr   .            (no gloves)
SInv    .            (no boots)
Will    .....        m - amulet of faith
Stlth   ++           (no ring)
HPRegen 0.24/turn    (no ring)
MPRegen 0.10/turn

%: faith
@: no status effects
A: agile 1, deformed body, passive freeze
a: no special abilities


You were on level 4 of the Dungeon.
You visited 1 branch of the dungeon, and saw 4 of its levels.

You collected 175 gold pieces.


Innate Abilities, Weirdness & Mutations

You are agile. (Dex +4, Str/Int -1)
Armour fits poorly on your strangely shaped body.
A frigid envelope surrounds you and freezes all who hurt you.


   Skills:
 - Level 1.5 Fighting
 + Level 8.9 Ranged Weapons
 - Level 3.1 Dodging
 - Level 1.2 Stealth


You had 4 spell levels left.
You didn't know any spells.
Your spell library was empty.

Inventory:

Hand Weapons
 Y - a +1 shortbow (weapon)
Armour
 a - a +0 helmet (worn)
 c - a +0 leather armour (worn)
Jewellery
 m - an amulet of faith (around neck)
Scrolls
 l - 3 scrolls of identify
Potions
 b - 2 potions of brilliance {unknown}
 d - a potion of might
 e - a potion of mutation
 f - a potion of degeneration {unknown}
 j - 4 potions of curing

Dungeon Overview and Level Annotations

Branches:
Dungeon (4/15)
 Temple: D:4-7

Altars:
Makhleb
Sif Muna

Shops:
D:1 :

Annotations:
D:1 1 runed translucent door
D:4 Robin


Message History

You kill the hobgoblin!
You shoot an arrow.
The arrow hits the hound but does no damage.
The hound barely misses you. The hound bites you.
The hound is very cold.
The hound is moderately wounded.
Robin closely misses you.
You shoot an arrow. The arrow closely misses the hound.
The hound closely misses you.
A goblin comes into view. It is wielding a +0 dagger.
Robin misses you.
You shoot an arrow. The arrow closely misses the hound.
The goblin no longer looks unusually strong.
The hound barely misses you. The hound bites you.
The hound is very cold.
The hound is heavily wounded.
Robin closely misses you.
You shoot an arrow. The arrow closely misses the hound.
The hound barely misses you. The hound bites you.
The hound is very cold.
The hound is heavily wounded.
You shoot an arrow. The arrow hits the hound.
The hound is almost dead.
The hound closely misses you. The goblin completely misses you.
You shoot an arrow. The arrow barely misses the hound.
The hound closely misses you. The hound bites you.
The goblin barely misses you.
You shoot an arrow. The arrow barely misses the hound.
The hound bites you. The goblin hits you with a +0 dagger.
The goblin is very cold.
The goblin is moderately wounded.
Robin hits you with a +0 short sword.
Robin is very cold.
Robin is moderately wounded.
You shoot an arrow. The arrow hits the hound!
You kill the hound!
The goblin no longer looks unusually strong.
The goblin misses you. Robin hits you with a +0 short sword.
Robin is very cold.
Robin is moderately wounded.
The goblin hits you with a +0 dagger.
The goblin is very cold.
You kill the goblin!
You shoot an arrow. The arrow hits Robin!
Robin is severely wounded.
The hobgoblin misses you. The goblin hits you with a +0 dagger.
You die...

......## .###)..
.%.....# .......
.......# ..... .......#
... ......## ##.#
.....## ######..###
....## ##....)....#
...## ###....8gg.8.#
.########......g@g...#
.<...........8.8.8.8.#
.....................#
#####........8...8......
##..>.................
#..(...>.....8.........
##...................?.
##.........#.##.."...
#.........#..


You could see Robin, 2 hobgoblins and a goblin.

Vanquished Creatures
  A hound (D:4)
  Jessica (D:3)
  2 iguanas (D:4)
  3 gnolls (D:2)
  2 adders
  A worm (D:4)
  4 orcs
  4 ball pythons
  5 endoplasms
  14 goblins
  4 hobgoblins
  8 kobolds
  3 quokkas
  2 bats
  4 frilled lizards
  4 rats
62 creatures vanquished.

Notes
Turn   | Place    | Note
-------+----------+-------------------------------------------
     0 | D:1      | qw the Deep Elf Hunter began the quest for the Orb.
     0 | D:1      | Reached XP level 1. HP: 12/12 MP: 3/3
     0 | D:1      | 0 ||| qw: Version: 0.3-a-9-g12657ce
     0 | D:1      | 0 ||| qw: Game counter: 1694
     0 | D:1      | 0 ||| qw: Always use a shield: true
     0 | D:1      | 0 ||| qw: God list: Okawaru
     0 | D:1      | 0 ||| qw: Allow faded altars: false
     0 | D:1      | 0 ||| qw: Do Orc after D:15 true
     0 | D:1      | 0 ||| qw: Do second Lair branch before Depths: true
     0 | D:1      | 0 ||| qw: Lair rune preference: random
     0 | D:1      | 0 ||| qw: Plans: Normal
     0 | D:1      | 0 ||| PLANNING D:1-11
     1 | D:1      | Found a runed translucent door.
    74 | D:1      | Reached XP level 2. HP: 13/16 MP: 4/4
    74 | D:1      | 74 ||| FLEEEEING.
    77 | D:1      | Reached skill level 6 in Ranged Weapons
   177 | D:1      | Found a faded altar of an unknown god.
   220 | D:1      | Found Urghabbo's Vocational Training.
   594 | D:1      | 594 ||| UPGRADING to +1 hat.
   599 | D:1      | 599 ||| UPGRADING to amulet of faith.
   604 | D:1      | 604 ||| READING scroll labelled BOULEU IRGHUTE.
   705 | D:1      | 705 ||| READING scroll labelled EPUKHU ROFRETA.
   706 | D:1      | 706 ||| READING 2 scrolls labelled XOMOES ESHROGE.
   707 | D:1      | 707 ||| DRINKING 2 grey potions.
   707 | D:1      | Gained mutation: Armour fits poorly on your strangely
                  | shaped body. [potion of mutation]
   707 | D:1      | Gained mutation: You are agile. (Dex +4, Str/Int -1)
                  | [potion of mutation]
   707 | D:1      | Gained mutation: A frigid envelope surrounds you and
                  | freezes all who hurt you. [potion of mutation]
   708 | D:1      | 708 ||| DROPPING scroll of butterflies.
   788 | D:2      | Reached XP level 3. HP: 20/20 MP: 5/5
  1101 | D:2      | Reached skill level 7 in Ranged Weapons
  1109 | D:2      | Reached skill level 3 in Dodging
  1109 | D:2      | Reached XP level 4. HP: 15/25 MP: 6/6
  1212 | D:2      | Found a burning altar of Makhleb.
  1368 | D:2      | 1368 ||| READING 3 scrolls labelled TURPHI BABLIMI.
  1369 | D:2      | 1369 ||| READING scroll labelled NAPHEA OTHRIL.
  1370 | D:2      | 1370 ||| DRINKING 2 red potions.
  1371 | D:2      | 1371 ||| DRINKING 3 metallic orange potions.
  1372 | D:2      | 1372 ||| READING 3 scrolls of identify.
  1372 | D:2      | 1372 ||| IDENTIFYING bubbling white potion
  1373 | D:2      | 1373 ||| READING 2 scrolls of identify.
  1373 | D:2      | 1373 ||| IDENTIFYING metallic blue potion
  1374 | D:2      | 1374 ||| DROPPING 2 scrolls of revelation.
  1375 | D:2      | 1375 ||| DROPPING potion of magic.
  1712 | D:3      | Noticed Jessica
  1713 | D:3      | Killed Jessica
  1720 | D:3      | Found a shimmering blue altar of Sif Muna.
  2213 | D:3      | 2213 ||| UPGRADING to +0 helmet.
  2223 | D:3      | 2223 ||| DROPPING +1 hat.
  2224 | D:3      | 2224 ||| READING scroll labelled TOISIO LEEFUE.
  2225 | D:3      | 2225 ||| READING scroll labelled FACRAI SEIM.
  2332 | D:4      | Reached skill level 8 in Ranged Weapons
  2337 | D:4      | Reached XP level 5. HP: 29/29 MP: 7/7
  2457 | D:4      | Noticed Robin
  2462 | D:4      | 2462 ||| FLEEEEING.
  2463 | D:4      | 2463 ||| FLEEEEING.
  2464 | D:4      | 2464 ||| FLEEEEING.
  2469 | D:4      | HP: 4/29 [goblin/+3 dagger[Robin] (9)]
  2470 | D:4      | 2470 ||| DRINKING potion of heal wounds.
  2477 | D:4      | HP: 5/29 [Robin/+0 short sword (3)]
  2478 | D:4      | HP: 1/29 [goblin/+0 dagger[Robin] (2)]
  2479 | D:4      | Slain by a goblin

Levels and vault maps discovered:
D:1:      dpeg_arrival_caged_fury, layout_loops_ring, basic_ecumenical_altar,
          nicolae_shop_vocational
D:2:      layout_loops_ring, basic_altar
D:3:      layout_loops_corners, tgw_sif, chequers_serial_rivers_micro_e,
          nicolae_concentric_dashed_squares_wild
D:4:      minmay_razor_zed, layout_cave_pods, lemuel_round_altar,
          serial_column_ruins, column_ruins_hut_ruined, column_ruins_grid_3,
          column_ruins_columns_corner, column_ruins_open_tiny,
          column_ruins_grid_4, column_ruins_open_large,
          minmay_goblin_kobold_house, uniq_robin

Skill      XL: |  1  2  3  4 |
---------------+-------------+-----
Ranged Weapons | 6 7 8 |  8.9
Dodging        | 3 |  3.1
Fighting       | |  1.5
Stealth        | |  1.2

Action                     |  1- 3 |  4- 6 || total
---------------------------+-------+-------++-------
   Fire: Shortbow          |    71 |    67 ||   138
    Use: Scroll            |     3 |     6 ||     9
         Potion            |     1 |     3 ||     4
 Armour: Leather armour    |     2 |       ||     2
  Dodge: Dodged            |     6 |    19 ||    25

Table legend:
 A = Non-vault XP
 B = Vault XP
 C = Vault XP percentage of total XP
 D = Non-vault monster count
 E = Vault monster count
 F = Vault count percentage of total count
                 A         B        C        D         E       F
            +---------+---------+-------+---------+---------+-------
      Total |     265 |      51 |  16.1 |      54 |       8 |  12.9
            +---------+---------+-------+---------+---------+-------
        D:1 |      29 |       0 |   0.0 |      18 |       0 |   0.0
        D:2 |      74 |       0 |   0.0 |      16 |       0 |   0.0
        D:3 |      22 |      37 |  62.7 |      12 |       1 |   7.7
        D:4 |     140 |      14 |   9.1 |       8 |       7 |  46.7
            +---------+---------+-------+---------+---------+-------
